 Dungeon Crawl Stone Soup version 0.20-a0-61-ga1b20b4 (webtiles) character file.

147 Faca the Chopper (level 5, -10/42 HPs)
             Began as a Formicid Berserker on Nov 17, 2016.
             Was a Believer of Trog.
             Mangled by a gnoll
             ... wielding a cursed -2 halberd
              (14 damage)
             ... on level 3 of the Dungeon on Nov 18, 2016.
             The game lasted 00:12:55 (1914 turns).

Faca the Chopper (Formicid Berserker)               Turns: 1914, Time: 00:12:56

Health: -10/42     AC:  4    Str: 22    XL:     5   Next: 54%
Magic:  5/5        EV: 10    Int:  6    God:    Trog [**....]
Gold:   109        SH:  7    Dex: 11    Spells: 0 memorised, 4 levels left

rFire  . . .     SeeInvis +     a - +1 hand axe
rCold  . . .     Gourm    .     b - +0 animal skin
rNeg   . . .     Faith    .     i - +0 shield
rPois  .         Spirit   .     (helmet unavailable)
rElec  .         Reflect  .     (no cloak)
rCorr  .         Harm     .     (no gloves)
MR     .....                    (no boots)
Stlth  ..........               g - amulet of inaccuracy (curse)
                                (no ring)
                                h - ring of loudness (curse)

@: no status effects
A: permanent stasis, dig shafts and tunnels, four strong arms, antennae 3,
yellow scales 1
a: Dig, Shaft Self, Trog's Hand, Burn Spellbooks, Renounce Religion


You were on level 3 of the Dungeon.
You worshipped Trog.
Trog was pleased with you.
You were not hungry.

You visited 1 branch of the dungeon, and saw 3 of its levels.

You collected 109 gold pieces.

Inventory:

Hand Weapons
 a - a +1 hand axe (weapon)
Armour
 b - a +0 animal skin (worn)
 i - a +0 shield (worn)
Jewellery
 g - a cursed amulet of inaccuracy (around neck)
 h - a cursed ring of loudness (left hand)
Scrolls
 e - a scroll of identify
Potions
 f - a potion of invisibility {unknown}
Comestibles
 c - 3 bread rations


   Skills:
 + Level 4.2 Fighting
 + Level 4.4 Axes
 + Level 2.5 Armour
 + Level 2.8 Dodging
 + Level 0.3 Stealth


You had 4 spell levels left.
You didn't know any spells.

Dungeon Overview and Level Annotations

Branches:
Dungeon (3/15)

Altars:


Innate Abilities, Weirdness & Mutations

You are under a permanent stasis effect.
You can dig through walls and to a lower floor.
Your four strong arms can wield two-handed weapons with a shield.
You have a pair of large antennae on your head. (SInv)
You are partially covered in yellow scales. (AC +2)


Message History

The gnoll is severely wounded.
The gnoll closely misses you. The gnoll barely misses you.
You hit the gnoll.
You kill the gnoll!
Trog accepts your kill.
You closely miss the gnoll. The gnoll closely misses you.
The gnoll barely misses you. You block the gnoll's attack.
You hit the gnoll but do no damage. You block the gnoll's attack. x2
Your shield prevents you from hitting the gnoll.
The gnoll hits you with a whip.
* * * LOW HITPOINT WARNING * * *
You block the gnoll's attack.
You slash the gnoll!
The gnoll is almost dead.
The gnoll barely misses you. x2
You hit the gnoll.
You kill the gnoll!
Trog accepts your kill.
The gnoll hits you from afar with a halberd!
You die...

####.#.#.#
#........# .#
######.### ##.#
#.# .... #.#
..# #.# #..##
#.# ##8..8##
#.######......#
#...g)@)..>...#
#########8..8##
#..## ###


You could see a gnoll.

Vanquished Creatures
  5 adders
  3 gnolls (D:3)
  2 oozes
  A worm (D:2)
  A dart slug (D:1)
  2 leopard geckos
  An orc (D:3)
  7 bats
  2 giant cockroaches
  2 hobgoblins (D:1)
  6 jackals
  9 kobolds
  4 ball pythons
  8 frilled lizards
  5 goblins
  5 rats
63 creatures vanquished.

Notes
Turn   | Place    | Note
-------+----------+-------------------------------------------
     0 | D:1      | Faca the Formicid Berserker began the quest for the Orb.
     0 | D:1      | Reached XP level 1. HP: 18/18 MP: 1/1
    41 | D:1      | Reached XP level 2. HP: 16/24 MP: 2/2
   415 | D:1      | Reached XP level 3. HP: 28/30 MP: 3/3
   647 | D:1      | Reached ** piety under Trog
   906 | D:2      | Reached XP level 4. HP: 37/37 MP: 4/4
  1036 | D:2      | Found a faded altar of an unknown god.
  1140 | D:2      | Gained mutation: You are partially covered in yellow scales. (AC +2) [potion of beneficial mutation]
  1533 | D:3      | Reached XP level 5. HP: 36/42 MP: 5/5
  1914 | D:3      | Mangled by a gnoll

Vault maps used:
D:1:      lightli_arrival_statuegarden
D:2:      first_bread, ecumenical_altar_2
D:3:      serial_glass, glass_columns_b, glass_columns_b, glass_columns_a,
          glass_columns_a, st_stairs_6

Skill      XL: |  1  2  3  4 |
---------------+-------------+-----
Dodging        | 2 |  2.8
Axes           | 4 |  4.4
Fighting       | 4 |  4.2
Armour         | |  2.5
Stealth        | |  0.3

Action                   |  1- 3 |  4- 6 || total
-------------------------+-------+-------++-------
Melee: Hand axe          |    87 |   156 ||   243
  Use: Scroll            |     4 |     5 ||     9
       Potion            |     3 |     2 ||     5
 Stab: Sleeping          |       |     1 ||     1
  Eat: Bread ration      |       |     1 ||     1
Armor: Animal skin       |    25 |    41 ||    66
Dodge: Dodged            |    51 |    81 ||   132
Block: Shield            |       |    24 ||    24
